 Dungeon Crawl Stone Soup version 0.28.0-62-gf88900778d (webtiles) character file.

Game seed: 3728418194237649727

8060 cbfl8 the Warmonger (level 11, 0/81 HPs)
             Began as a Demonspawn Fighter on July 5, 2023.
             Was a High Priest of Okawaru.
             Slain by a slime creature (17 damage)
             ... on level 9 of the Dungeon.
             The game lasted 00:18:29 (14516 turns).

cbfl8 the Warmonger (Demonspawn Fighter)           Turns: 14516, Time: 00:18:30

Health: 0/81       AC: 10    Str: 16    XL:     11   Next: 4%
Magic:  17/17      EV: 11    Int:  9    God:    Okawaru [*****.]
Gold:   504        SH:  8    Dex: 18    Spells: 10/10 levels left

rFire   + . .      SeeInvis .   s - +0 hand axe (venom)
rCold   . . .      Faith    .   k - +2 buckler
rNeg    . . .      Spirit   .   t - +1 scale mail {rPois}
rPois   +          Reflect  .   j - +0 helmet
rElec   .          Harm     .   (cloak unavailable)
rCorr   .          Rampage  .   (no gloves)
Will    ++...                   (no boots)
Stlth   ++........              x - amulet of the acrobat
HPRegen 0.23/turn               h - ring of willpower
MPRegen 0.15/turn               b - ring of protection from fire

@: no status effects
A: spiny 2, sturdy frame 1, demonic willpower, weakness stinger 3
a: Renounce Religion, Heroism, Finesse, Duel


You were on level 9 of the Dungeon.
You worshipped Okawaru.
Okawaru was extremely pleased with you.
You visited 1 branch of the dungeon, and saw 10 of its levels.

You collected 504 gold pieces.

Inventory:

Hand Weapons
 a - a +0 vorpal war axe
 s - a +0 hand axe of venom (weapon)
 w - a +0 broad axe
Missiles
 q - 2 throwing nets
 u - 8 boomerangs
Armour
 j - a +0 helmet (worn)
 k - a +2 buckler (worn)
 t - a +1 scale mail of poison resistance (worn)
Jewellery
 b - a ring of protection from fire (right hand)
 h - a ring of willpower (left hand)
 x - an amulet of the acrobat (around neck)
 z - a +6 ring of strength
 A - a ring of wizardry
Wands
 c - a wand of flame (17)
 v - a wand of mindburst (6) (quivered)
Scrolls
 d - a scroll of silence
 f - a scroll of summoning {unknown}
 o - a scroll of noise
 p - 2 scrolls of fear {unknown}
 r - 2 scrolls of fog
 y - a scroll of teleportation
 C - a scroll of amnesia {unknown}
 D - a scroll of identify
Potions
 e - a potion of curing {unknown}
 g - 4 potions of flight
 i - a potion of lignification {unknown}
 l - a potion of haste {unknown}
 m - a potion of attraction {unknown}
 n - a potion of invisibility {unknown}
 B - a potion of degeneration {unknown}


   Skills:
 + Level 5.8 Fighting
 + Level 7.5 Axes
 * Level 3.4 Throwing
 + Level 6.7 Armour
 + Level 3.1 Dodging
 + Level 4.3 Stealth
 + Level 4.8 Shields
 * Level 8.7 Invocations
 * Level 6.4 Evocations


You had 10 spell levels left.
You didn't know any spells.
Your spell library contained the following spells:

 Spells                   Type           Power      Damage    Failure   Level
 Magic Dart               Conj           0%         1d3       73%         1
 Slow                     Hex            0%         N/A       73%         1
 Blink                    Tloc           0%         N/A       86%         2
 Static Discharge         Conj/Air       0%         N/A       86%         2
 Ignite Poison            Fire/Tmut/Pois 0%         N/A       97%         3
 Mephitic Cloud           Conj/Pois/Air  0%         N/A       97%         3
 Stone Arrow              Conj/Erth      0%         3d7       97%         3
 Freezing Cloud           Conj/Ice/Air   0%         6-21      100%        5
 Lightning Bolt           Conj/Air       0%         1d11      100%        5
 Manifold Assault         Tloc           0%         N/A       100%        5
 Storm Form               Tmut/Air       0%         N/A       100%        7
 Lehudib's Crystal Spear  Conj/Erth      0%         10d2      100%        8
 Maxwell's Capacitive Co  Air            0%         ∞         100%        8
 Call Imp                 Summ           Unusable   N/A       N/A         2
 Animate Armour           Summ/Erth      Unusable   N/A       N/A         4

Dungeon Overview and Level Annotations

Branches:
Dungeon (10/15)            Temple (0/1) D:4            Lair (0/6) D:9
    Orc (0/2) D:9

Altars:
Okawaru

Annotations:
D:2 1 runed translucent door, Crazy Yiuf
D:7 1 runed translucent door, cbfl8's ghost, novice MiBe


Innate Abilities, Weirdness & Mutations

You are mostly covered in sharp spines.
Your movements are slightly less encumbered by armour. (ER -2)
You punish those that try to bend your will. (Will+)
You have a sharp stinger which inflicts weakening toxins.


Message History

You hit the orc warrior but do no damage.
The orc warrior looks as sick as possible!
The orc warrior is heavily wounded.
You hit the slime creature. The orc warrior closely misses you.
The slime creature is struck by your spines.
The slime creature hits you.
Unknown command.
You hit the orc warrior.
The orc warrior looks as sick as possible!
Your tail-slap misses the orc warrior.
The orc warrior is severely wounded.
You hit the slime creature.
The orc warrior hits you with a +0 battleaxe!
The slime creature hits you!
* * * LOW HITPOINT WARNING * * *
You are too injured to fight recklessly!
Unknown command.
You are too injured to fight recklessly!
Unknown command.
You hit the orc warrior but do no damage.
The orc warrior is almost dead.
You hit the slime creature. The orc warrior closely misses you.
You block the slime creature's attack.
You hit the orc warrior but do no damage.
The orc warrior looks as sick as possible!
Your tail-slap misses the orc warrior.
The orc warrior is almost dead.
You hit the slime creature.
The orc warrior hits you with a +0 battleaxe.
* * * LOW HITPOINT WARNING * * *
The slime creature is struck by your spines.
The slime creature hits you but does no damage.
Aiming: Mindburst
Press: ? - help, Q - select action, (/) - cycle Shift-Dir - straight line, f - orc warrior
Aim: an orc warrior, wielding a +0 battleaxe and wearing a +0 chain mail (almost dead, extremely poisoned, chance to affect: 84%)
The orc warrior barely resists.
You kill the orc warrior!
Okawaru accepts your kill. The slime creature hits you!
You die...

#..................
#.#..#...#..##.....
#...............##.
#...####'######....
#...#..#..# #....
#...#.###### #....
#...'.#....# #.##.
#...#.#..#.# #....
#)@.###..#.# #....
#.?J[......# #.##.
#...[#..>..# #....
#.#....##### #....
#......# #.##.
#......# #....
#.#....# #######'#
#...#### #....#..#
#...#.#####....#..#


You could see a slime creature (poisoned).

Vanquished Creatures
  A two-headed ogre (D:6)
  Joseph (D:7)
  Maggie (D:9)
  A komodo dragon (D:9)
  Prince Ribbit (D:7)
  A shadow (D:10)
  A wraith (D:9)
  8 yaks
  A vampire (D:9)
  Eustachio (D:6)
  7 vampire mosquitoes
  A steam dragon (D:8)
  2 water moccasins
  Duvessa (D:7)
  A hornet zombie (D:6)
  5 orc warriors
  5 ice beasts
  2 necrophages (D:5)
  A black bear (D:5)
  4 ogres
  4 centaurs
  A phantom (D:4)
  A bullfrog (D:6)
  A water moccasin zombie (D:6)
  A scorpion (D:5)
  A wyvern skeleton (D:5)
  Dowan (D:7)
  2 howler monkeys
  2 jellies (D:9)
  3 centaur zombies
  2 hounds
  A bullfrog zombie (D:5)
  2 orc priests (D:9)
  Natasha (thrice) (D:2)
  An iguana (D:5)
  6 orc wizards
  A killer bee zombie (D:6)
  2 howler monkey zombies
  Robin (D:2)
  3 gnolls (D:5)
  3 adders
  A shadow imp (D:8)
  A white imp (D:5)
  An adder skeleton (D:4)
  An adder zombie (D:5)
  A worm (D:2)
  2 dart slugs
  17 orcs
  6 endoplasms
  A giant cockroach (D:1)
  11 goblins
  12 hobgoblins
  9 kobolds
  3 ball pythons
  6 bats (D:2)
  A frilled lizard (D:2)
  8 rats
169 creatures vanquished.

Vanquished Creatures (others)
  7 plants (D:9)
  2 withered plants (D:10)
9 creatures vanquished.

Grand Total: 178 creatures vanquished

Notes
Turn   | Place    | Note
-------+----------+-------------------------------------------
     0 | D:1      | cbfl8 the Demonspawn Fighter began the quest for the Orb.
     0 | D:1      | Reached XP level 1. HP: 18/18 MP: 1/1
   268 | D:1      | Gained mutation: You have a small tail. [demonic ancestry]
   268 | D:1      | Reached XP level 2. HP: 22/24 MP: 2/2
   706 | D:1      | Found a faded altar of an unknown god.
   709 | D:1      | Got Plato's Papyrus of Bewitchment
  1053 | D:2      | Gained mutation: You are partially covered in sharp spines.
                  | [demonic ancestry]
  1053 | D:2      | Reached XP level 3. HP: 25/29 MP: 3/3
  1137 | D:2      | Found an iron altar of Okawaru.
  1164 | D:2      | Became a worshipper of Warmaster Okawaru
  1195 | D:2      | Noticed Robin
  1621 | D:1      | Reached skill level 1 in Evocations
  2203 | D:2      | Killed Robin
  2207 | D:2      | Reached XP level 4. HP: 31/35 MP: 4/4
  2281 | D:2      | Reached skill level 1 in Invocations
  2344 | D:2      | Noticed Natasha
  2348 | D:2      | Killed Natasha
  2408 | D:2      | Noticed Natasha
  2413 | D:2      | Killed Natasha
  2608 | D:2      | Found a runed translucent door.
  2609 | D:2      | Noticed Crazy Yiuf
  2776 | D:2      | Noticed Natasha
  2780 | D:2      | Killed Natasha
  2781 | D:2      | Gained mutation: Your movements are slightly less
                  | encumbered by armour. (ER -2) [demonic ancestry]
  2781 | D:2      | Reached XP level 5. HP: 38/41 MP: 6/6
  3506 | D:4      | Noticed an ogre
  3512 | D:4      | Killed an ogre
  3513 | D:4      | Reached skill level 2 in Invocations
  3676 | D:4      | Reached * piety under Okawaru
  3677 | D:4      | Gained mutation: You have a tail ending in a sharp stinger.
                  | [demonic ancestry]
  3677 | D:4      | Reached XP level 6. HP: 21/48 MP: 7/7
  4047 | D:4      | Found a staircase to the Ecumenical Temple.
  4354 | D:5      | Entered Level 5 of the Dungeon
  4411 | D:5      | Reached skill level 3 in Invocations
  4414 | D:5      | Reached ** piety under Okawaru
  4415 | D:5      | Reached XP level 7. HP: 48/54 MP: 7/9
  4479 | D:5      | Reached skill level 1 in Dodging
  4688 | D:5      | Reached skill level 5 in Axes
  4739 | D:5      | Reached skill level 4 in Invocations
  4929 | D:5      | Gained mutation: You have a sharp stinger which inflicts
                  | weakening toxins. [demonic ancestry]
  4929 | D:5      | Reached XP level 8. HP: 56/61 MP: 11/11
  6052 | D:6      | Reached *** piety under Okawaru
  6053 | D:6      | Reached skill level 1 in Stealth
  6340 | D:5      | Reached skill level 5 in Invocations
  7040 | D:6      | Gained mutation: You are mostly covered in sharp spines.
                  | [demonic ancestry]
  7040 | D:6      | Reached XP level 9. HP: 53/67 MP: 13/13
  7137 | D:6      | Noticed a two-headed ogre
  7197 | D:7      | Noticed Dowan
  7197 | D:7      | Noticed Duvessa
  7237 | D:7      | Noticed Joseph
  7243 | D:7      | Killed Joseph
  7243 | D:7      | Reached **** piety under Okawaru
  7244 | D:7      | Reached skill level 5 in Fighting
  7244 | D:7      | Reached skill level 6 in Invocations
  7247 | D:7      | Killed Duvessa
  7279 | D:7      | Killed Dowan
  7520 | D:7      | Noticed cbfl8's ghost (novice MiBe)
  7521 | D:7      | Found a runed translucent door.
  7563 | D:7      | Reached skill level 5 in Armour
  8394 | D:6      | Noticed Eustachio
  8860 | D:7      | Noticed Prince Ribbit
  8871 | D:7      | Killed Prince Ribbit
  8872 | D:7      | Reached skill level 5 in Evocations
  9613 | D:7      | Reached skill level 7 in Invocations
  9878 | D:8      | Reached skill level 1 in Throwing
  9972 | D:7      | Reached ***** piety under Okawaru
  9973 | D:7      | Reached XP level 10. HP: 47/74 MP: 15/15
 11214 | D:6      | Killed a two-headed ogre
 11431 | D:6      | Killed Eustachio
 11432 | D:6      | Reached skill level 8 in Invocations
 11812 | D:9      | Noticed Maggie
 11966 | D:9      | Killed Maggie
 11966 | D:9      | Received a gift from Okawaru
 12294 | D:9      | Found a staircase to the Lair.
 12822 | D:9      | Found a staircase to the Orcish Mines.
 13684 | D:10     | Entered Level 10 of the Dungeon
 14272 | D:10     | Gained mutation: You punish those that try to bend your
                  | will. (Will+) [demonic ancestry]
 14272 | D:10     | Reached XP level 11. HP: 81/81 MP: 17/17
 14516 | D:9      | Slain by a slime creature

Illustrated notes

Levels and vault maps discovered:
D:1:      giann_forest_graveyard, layout_basic,
          shapermc_ecumenical_altar_rom_forum
D:2:      layout_basic, basic_altar, uniq_robin, uniq_crazy_yiuf_cottage,
          uniq_natasha
D:3:      layout_basic
D:4:      layout_cave_pools, minmay_temple_entry_overgrown,
          chequers_serial_rivers_small_b
D:5:      layout_rooms, minmay_misc_feat_columns, kennysheep_generic_room_9
D:6:      layout_loops_ring, uniq_eustachio
D:7:      layout_loops_ring, hellmonk_ghost_happy_afterlife,
          uniq_prince_ribbit1, uniq_joseph, uniq_duvessa
D:8:      layout_rooms
D:9:      layout_stronghold, david_lair_shrubbed, orc_0_dummy, uniq_maggie
D:10:     layout_loops_corners, yredelemnul_altar_generic, jiyva_altar_1

Skill      XL: |  1  2  3  4  5  6  7  8  9 10 |
---------------+-------------------------------+-----
Axes           | 2 3 4 5 6 7 |  7.5
Armour         | 3 4 5 6 |  6.7
Evocations     | 1 2 3 4 5 6 |  6.4
Invocations    | 1 2 3 4 5 7 8 |  8.7
Fighting       | 4 5 |  5.8
Shields        | 3 4 |  4.8
Dodging        | 1 2 3 |  3.1
Stealth        | 3 4 |  4.3
Throwing       | 1 3 |  3.4

Action                   |  1- 3 |  4- 6 |  7- 9 | 10-12 || total
-------------------------+-------+-------+-------+-------++-------
Melee: War axe           |    88 |    89 |    58 |       ||   235
       Tailslap          |     7 |     9 |    41 |    33 ||    90
       Hand axe          |       |       |   172 |   177 ||   349
Invok: Heroism           |       |       |       |     1 ||     1
Evoke: Wand              |       |       |    22 |    16 ||    38
  Use: Scroll            |     4 |     2 |     6 |       ||    12
       Potion            |       |     2 |     2 |       ||     4
 Stab: Paralysed         |       |       |    16 |       ||    16
       Sleeping          |       |       |       |     1 ||     1
Armor: Scale mail        |    49 |     7 |    48 |    55 ||   159
       Chain mail        |       |    30 |    27 |       ||    57
Dodge: Dodged            |    31 |    23 |   107 |    90 ||   251
Block: Buckler           |    29 |    26 |   100 |    73 ||   228
